 Dungeon Crawl Stone Soup version 0.18.1-48-g4cf74bf (webtiles) character file.

1790 sdOOK the Covered (level 9, 0/71 HPs)
             Began as a Human Chaos Knight on Aug 26, 2016.
             Slain by an adder (4 damage)
             ... on level 6 of the Dungeon.
             The game lasted 00:42:09 (5480 turns).

sdOOK the Covered (Human Chaos Knight)              Turns: 5480, Time: 00:42:09

Health: 0/71       AC: 15    Str: 16    XL:     9   Next: 30%
Magic:  10/10      EV:  6    Int: 12    God:    Xom [..*...]
Gold:   216        SH:  0    Dex:  8    Spells: 0 memorised, 8 levels left

rFire  + + .     SeeInvis .     h - +6 spear {Deathnip}
rCold  . . .     Gourm    .     m - +1 plate armour
rNeg   . . .     Faith    .     (no shield)
rPois  +         Spirit   .     (no helmet)
rElec  +         Dismiss  .     (no cloak)
rCorr  +         Reflect  .     (no gloves)
SustAt .         Harm     .     l - +0 pair of boots
MR     .....                    (no amulet)
Stlth  ..........               i - ring of fire
                                d - -5 ring of dexterity

@: resistant, not resistant to hostile enchantments, extremely unstealthy
A: no striking features
a: Renounce Religion


You were on level 6 of the Dungeon.
You worshipped Xom.
You were a toy of Xom.
You were not hungry.

You visited 1 branch of the dungeon, and saw 6 of its levels.

You collected 216 gold pieces.

Inventory:

Hand Weapons
 c - a +0 whip
 g - a +0 club
 h - a +6 spear (weapon) {Deathnip}
 x - a +0 short sword of electrocution
 y - a +1 morningstar of draining
Missiles
 j - 68 bolts
 p - 2 throwing nets (quivered)
Armour
 a - a +2 leather armour
 l - a +0 pair of boots (worn)
 m - a +1 plate armour (worn)
 r - a +0 robe
Jewellery
 d - a -5 ring of dexterity (left hand)
 i - a ring of fire (right hand)
Wands
 o - a wand of flame (7/48)
 s - a wand of lightning (7/15)
Scrolls
 n - a scroll of remove curse
 v - 4 scrolls of teleportation
 w - a scroll of identify
 A - a scroll of fog {unknown}
Potions
 u - a potion of magic
 z - a potion of brilliance
Miscellaneous
 q - a phial of floods (inert)
Comestibles
 b - 3 bread rations
 f - 6 fruits


   Skills:
 + Level 6.4 Fighting
 + Level 0.2 Maces & Flails
 + Level 4.8 Polearms
 + Level 0.8 Throwing
 + Level 6.5 Armour
 + Level 4.6 Dodging
 + Level 1.0 Stealth
 + Level 3.5 Unarmed Combat
 + Level 1.7 Evocations


You had 8 spell levels left.
You didn't know any spells.

Dungeon Overview and Level Annotations

Branches:
Dungeon (6/15)             Temple (0/1) D:4

Altars:

Annotations:
D:4 Xelenos's ghost, amateur MiFi


Message History

An adder comes into view.
You cannot move.
Your iron imp disappears in a puff of smoke!
You hit the adder.
The adder is moderately wounded.
You feel less woody.
Your +0 pair of boots unmelds from your body.
Your +1 plate armour unmelds from your body.
The adder bites you but does no damage.
You barely miss the adder.
The adder is moderately wounded.
The adder closely misses you.
You hit the adder.
The adder is heavily wounded.
The adder closely misses you.
You hit the adder.
The adder is almost dead.
The adder bites you but does no damage. The adder bites you.
You die... "It's all fun and games until someone loses an eye."

##.....##
##...## ∆
##'## #)#
#.# ##)##
##)..#####
#†.......#
##@S.....#
##......#
∆
.........
##.....##
######


You could see an adder.

Vanquished Creatures
  The ghost of Xelenos the Skirmisher, a novice MiFi of Okawaru (D:6)
  The ghost of theElss the Destroyer, a novice HECj of Vehumet (D:5)
  A water moccasin (D:5)
  An ice beast (D:5)
  2 centaurs (D:5)
  A water moccasin skeleton (D:5)
  A howler monkey (D:4)
  A crimson imp (D:6)
  4 orc wizards
  A hound (D:6)
  2 centaur skeletons (D:5)
  2 orc priests (D:6)
  An iguana (D:5)
  5 gnolls
  8 adders
  A shadow imp (D:5)
  A worm (D:4)
  A dart slug (D:3)
  A giant gecko (D:2)
  15 orcs
  A ball python (D:6)
  4 giant cockroaches
  7 goblins
  5 hobgoblins
  3 quokkas
  A ball python skeleton (D:5)
  8 bats
  A giant gecko skeleton (D:4)
  6 giant newts
  A jackal zombie (D:6)
  7 kobolds
  6 rats
101 creatures vanquished.

Vanquished Creatures (collateral kills)
  Eustachio (D:5)
  A sky beast (D:6)
  An orc warrior (D:6)
  A giant frog (D:6)
  A gnoll sergeant (D:6)
  An iguana (D:5)
  A gnoll (D:6)
  An adder (D:6)
  2 orcs
10 creatures vanquished.

Grand Total: 111 creatures vanquished

Notes
Turn   | Place    | Note
--------------------------------------------------------------
     0 | D:1      | sdOOK the Human Chaos Knight began the quest for the Orb.
     0 | D:1      | Reached XP level 1. HP: 18/18 MP: 1/1
   358 | D:1      | Reached XP level 2. HP: 23/24 MP: 2/2
   398 | D:1      | XOM: harmless Erth miscast
   787 | D:1      | XOM: harmless Necr miscast
   849 | D:1      | Reached XP level 3. HP: 29/29 MP: 3/3
   945 | D:2      | XOM: divination: detect creatures
  1106 | D:2      | Reached XP level 4. HP: 27/37 MP: 4/4
  1790 | D:3      | Reached XP level 5. HP: 28/42 MP: 5/5
  1916 | D:3      | XOM: harmless Ice miscast
  1943 | D:3      | XOM: cast spell 'Call Canine Familiar'
  2120 | D:3      | XOM: divination: detect items
  2340 | D:3      | XOM is BORED!
  2340 | D:3      | XOM: noise
  2405 | D:4      | Reached skill level 1 in Polearms
  2405 | D:4      | Reached XP level 6. HP: 44/48 MP: 6/6
  2447 | D:4      | Found a staircase to the Ecumenical Temple.
  2526 | D:4      | Noticed Xelenos's ghost (amateur MiFi)
  2526 | D:4      | XOM: confuse monster(s)
  2537 | D:4      | XOM: scenery: 3 doors open, 2 doors close
  2555 | D:4      | XOM: enchant monster (bad)
  2766 | D:4      | XOM: harmless Summ miscast
  3270 | D:4      | XOM: mild Conj miscast
  3322 | D:4      | XOM: mild Ice miscast
  3385 | D:5      | Entered Level 5 of the Dungeon
  3391 | D:5      | Noticed Eustachio
  3398 | D:5      | Killed Eustachio
  3437 | D:5      | Noticed a water moccasin
  3437 | D:5      | XOM: cast spell 'Call Canine Familiar'
  3445 | D:5      | Killed a water moccasin
  3445 | D:5      | Reached XP level 7. HP: 42/55 MP: 7/7
  3656 | D:5      | XOM: divination: detect creatures
  3668 | D:5      | Reached skill level 5 in Fighting
  3820 | D:5      | XOM: cast spell 'Summon Butterflies'
  3828 | D:5      | Noticed theElss's ghost (novice HECj)
  3840 | D:5      | XOM: confuse monster(s)
  3850 | D:5      | XOM: potion effect (berserk rage)
  3855 | D:5      | Killed theElss's ghost
  3855 | D:5      | Reached XP level 8. HP: 63/63 MP: 8/8
  4194 | D:5      | XOM: harmless Divn miscast
  4223 | D:5      | XOM: divination: detect items
  4308 | D:5      | XOM: potion effect (berserk rage)
  4441 | D:5      | XOM: god gift: robe {god gift}
  4531 | D:5      | XOM: silly message
  4543 | D:5      | XOM: noise
  4880 | D:6      | XOM: confuse monster(s)
  4887 | D:6      | Reached skill level 5 in Armour
  5076 | D:6      | XOM: enchant monster (bad)
  5092 | D:6      | Reached skill level 1 in Stealth
  5096 | D:6      | Reached skill level 1 in Evocations
  5256 | D:6      | XOM: harmless Tloc miscast
  5323 | D:6      | XOM: mild Tloc miscast
  5342 | D:6      | XOM: god gift: 27 sling bullets
  5418 | D:6      | Noticed Xelenos's ghost (novice MiFi)
  5422 | D:6      | XOM: enchant monster (good)
  5435 | D:6      | XOM: summons 2 friendly demons
  5438 | D:6      | Reached XP level 9. HP: 35/69 MP: 9/9
  5446 | D:6      | XOM: divination: detect items
  5457 | D:6      | XOM: summons friendly crimson imp
  5457 | D:6      | HP: 5/103 [Xelenos's ghost (6)]
  5458 | D:6      | HP: 2/103 [Xelenos's ghost (3)]
  5462 | D:6      | Killed Xelenos's ghost
  5480 | D:6      | Slain by an adder

Skill      XL: |  1  2  3  4  5  6  7  8  9 |
---------------+----------------------------+-----
Dodging        | 2 3 4 |  4.6
Fighting       | 4 5 6 |  6.4
Polearms       | 1 2 3 4 |  4.8
Armour         | 3 4 5 6 |  6.5
Stealth        | 1 |  1.0
Evocations     | 1 |  1.7
Maces & Flails | |  0.2
Throwing       | |  0.8
Unarmed Combat | |  3.5

Action                   |  1- 3 |  4- 6 |  7- 9 || total
-------------------------+-------+-------+-------++-------
Melee: Whip              |    27 |       |       ||    27
       Spear             |    73 |   226 |   165 ||   464
       Club              |     1 |       |       ||     1
       Punch             |       |     1 |     1 ||     2
Throw: Throwing net      |       |     2 |       ||     2
Evoke: Phial of floods   |       |     1 |     1 ||     2
       Wand              |       |       |     9 ||     9
  Use: Scroll            |     7 |     6 |     9 ||    22
       Potion            |     3 |     9 |     7 ||    19
  Eat: Chunk             |     1 |     3 |     1 ||     5
       Beef jerky        |       |     3 |     1 ||     4
       Meat ration       |       |       |     1 ||     1
       Royal jelly       |       |       |     1 ||     1
       Pizza             |       |       |     1 ||     1
Armor: Leather armour    |    35 |    18 |       ||    53
       Plate armour      |       |    85 |   102 ||   187
       Skin              |       |    18 |    11 ||    29
Dodge: Dodged            |    69 |    52 |    36 ||   157
